Map: Prion Terraces

Players

Gucci - Winner!

  • Race: Terran Terran
  • League: Platinum

LilDicky

  • Race: Terran Terran
  • League: Diamond

VOD

http://www.twitch.tv/tumescentpie

Description

Time

  • Played on: Nov. 30, 2015, 5:34 p.m.
  • Length: 13:44
Show
View Real Time Build Order
Export as new Build Order

Gucci Terran - Winner!

Build Orders: Command Center First (CC) 

Get SALT Encoding   

  12  0:01  SCV  
  13  0:14  SCV  
  14  0:19  Supply Depot  
  14  0:26  SCV  
  15  0:40  SCV  
  16  0:52  SCV  
  17  1:01  Command Center  
  17  1:06  SCV  
  18  1:17  Barracks  
  18  1:20  SCV  
  18  1:24  Refinery  
  19  1:32  Refinery  
  19  1:33  SCV  
  20  1:49  Supply Depot, SCV  
  21  2:01  SCV  
  21  2:04  Reaper  
  23  2:15  SCV  
  23  2:17  Orbital Command  
  23  2:29  Factory  
  23  2:33  Orbital Command  
  23  2:44  SCV  
  24  2:52  Barracks Reactor  
  24  2:56  SCV  
  25  3:03  SCV  
  26  3:16  Hellion  
  28  3:20  Starport  
  26  3:36  SCV  
  27  3:42  Marine x2  
  26  3:53  Hellion  
  29  3:55  SCV  
  29  3:57  Medivac  
  30  4:09  Marine  
  26  4:10  Marine  
  26  4:11  SCV  
  25  4:25  Hellion  
  25  4:27  Marine x2  
  29  4:37  Orbital Command  
  29  4:45  Marine x2  
  29  4:49  Medivac  
  29  4:52  SCV  
  34  5:03  Marine x2  
  34  5:04  SCV x2  
  34  5:06  Factory Tech Lab  
  38  5:16  SCV x2  
  38  5:17  Barracks  
  38  5:19  Barracks  
  38  5:21  Marine x2  
  41  5:25  Engineering Bay  
  41  5:28  SCV  
  43  5:30  Engineering Bay  
  43  5:32  SCV  
  44  5:40  SCV  
  45  5:44  SCV  
  39  6:00  Marine x2  
  39  6:08  SCV  
  39  6:09  SCV  
  41  6:15  Medivac  
  41  6:18  Marine  
  44  6:21  SCV  
  45  6:37  Supply Depot, Marine  
  46  6:43  Terran Infantry Weapons Level 1  
  46  6:44  Terran Infantry Armor Level 1  
  46  6:46  Supply Depot  
  46  6:48  Missile Turret  
  46  6:57  Siege Tank, Marine  
  46  6:58  Marine  
  46  7:00  Supply Depot  
  47  7:04  Marine x2  
  42  7:09  Supply Depot  
  42  7:14  Marine  
  42  7:15  SCV x2  
  44  7:16  Marine  
  44  7:21  Starport Reactor  
  44  7:22  Marine x2  
  47  7:24  Missile Turret  
  47  7:27  SCV  
  47  7:28  Missile Turret  
  47  7:29  SCV  
  49  7:32  Supply Depot  
  49  7:39  SCV  
  50  7:45  Missile Turret  
  46  7:53  SCV x2  
  46  7:57  Refinery  
  48  7:59  Refinery  
  48  8:00  Siege Tank  
  48  8:01  Medivac x2  
  48  8:03  Barracks Tech Lab  
  48  8:04  Factory  
  55  8:07  SCV x2  
  57  8:13  Armory x2  
  56  8:20  Marine x3  
  56  8:23  Stimpack, Marine  
  55  8:49  Marine x4  
  55  8:53  Factory Tech Lab  
  55  8:54  SCV x2  
  61  9:01  Barracks  
  61  9:04  Barracks  
  61  9:06  SCV x2  
  55  9:14  Marine x3  
  55  9:15  Siege Tank  
  56  9:18  SCV, Siege Tank  
  56  9:19  SCV  
  56  9:21  Marine  
  62  9:41  Marine  
  62  9:42  Marine x3  
  62  9:44  Medivac  
  68  9:45  Command Center  
  68  9:49  Medivac  
  70  9:58  SCV x2  
  70  9:59  Marine x2  
  73  10:02  Supply Depot, Terran Infantry Weapons Level 2  
  74  10:07  Terran Infantry Armor Level 2  
  74  10:10  SCV  
  74  10:13  Marine x2  
  77  10:19  SCV  
  78  10:22  SCV  
  75  10:32  SCV  
  74  10:39  SCV  
  74  10:42  Marine x3  
  78  10:43  Siege Tank x2  
  78  10:44  SCV  
  78  10:45  Viking  
  87  10:54  Terran Vehicle Weapons Level 1  
  80  11:12  Marine  
  80  11:13  Marine x3  
  80  11:15  Siege Tank  
  87  11:30  Marine  
  88  11:33  Marine x3  
  88  11:35  Siege Tank  
  88  11:37  Terran Vehicle And Ship Armor Level 1  
  94  11:42  Missile Turret  
  94  11:44  Missile Turret  
  94  11:48  Marine  
  94  11:49  Combat Shields  
  94  11:52  SCV  
  94  11:53  Orbital Command  
  96  11:54  Marine  
  96  11:55  Marine x2  
  96  11:58  Marine x2  
  101  12:02  Missile Turret  
  101  12:06  Marine  
  92  12:19  Marine x5  
  94  12:24  Marine  
  94  12:36  Marine x2  
  92  12:37  Marine x3  
  92  12:41  Marine  
  97  12:54  Marine  
  98  13:06  Marine x4  
  98  13:07  Marine  
  98  13:09  Siege Tank x2  
Show
View Real Time Build Order
Export as new Build Order

LilDicky Terran 

Build Orders:  

Get SALT Encoding   

  12  0:03  SCV  
  13  0:15  SCV  
  13  0:19  Supply Depot  
  14  0:27  Refinery  
  14  0:32  SCV  
  15  0:45  SCV  
  15  0:49  Barracks  
  16  0:58  SCV  
  17  1:10  SCV  
  18  1:22  SCV, Refinery  
  19  1:36  Reaper  
  19  1:38  Orbital Command  
  20  1:41  Barracks  
  20  1:46  Barracks  
  20  2:01  Refinery  
  20  2:04  SCV  
  22  2:08  Reaper  
  22  2:10  Supply Depot  
  22  2:30  Reaper  
  23  2:40  Reaper  
  23  2:44  Reaper  
  23  2:52  SCV  
  24  2:59  Command Center  
  24  3:02  Reaper  
  24  3:04  SCV  
  26  3:12  Reaper  
  27  3:16  Reaper  
  27  3:35  Reaper  
  28  3:44  Reaper  
  29  3:48  Reaper  
  30  4:07  Reaper  
  29  4:17  Reaper  
  29  4:20  Reaper  
  29  4:27  Orbital Command  
  29  4:29  SCV  
  28  4:39  Reaper  
  28  4:41  SCV  
  30  4:51  Factory  
  31  4:53  SCV  
  31  4:54  Command Center, SCV  
  31  4:57  Command Center  
  34  5:12  Marine  
  34  5:13  Marine x2  
  35  5:18  Supply Depot  
  35  5:37  Marine  
  35  5:38  Factory Tech Lab  
  35  5:40  Starport  
  32  6:10  Marine x3  
  34  6:13  Orbital Command  
  34  6:14  Orbital Command  
  32  6:26  Cloaking Field  
  32  6:27  Banshee, Barracks  
  32  6:28  Barracks, Widow Mine  
  32  6:29  Barracks, Marine x3  
  40  6:33  SCV x2  
  40  6:39  Orbital Command  
  42  6:46  SCV x3  
  45  6:58  SCV  
  38  7:07  Widow Mine, Marine x3  
  34  7:10  Banshee  
  28  7:22  SCV x4  
  32  7:24  Marine  
  32  7:25  Marine x2  
  35  7:34  SCV x3, Refinery, Marine  
  35  7:35  Refinery, Marine x2  
  41  7:52  Marine  
  41  7:55  SCV x2  
  41  7:57  SCV x2, Marine  
  46  7:59  Barracks Tech Lab x3  
  46  8:03  Marine  
  45  8:10  Marine  
  46  8:13  Command Center  
  46  8:14  Banshee  
  46  8:15  Factory Tech Lab  
  46  8:20  Marine  
  46  8:24  Marine x3  
  45  8:44  Marine x3  
  45  8:45  Marine x3  
  44  8:52  SCV x3  
  47  8:58  SCV  
  47  9:02  Marine x3  
  50  9:04  SCV x2  
  53  9:15  Marine x3  
  51  9:17  SCV x2  
  51  9:20  Marine x2  
  55  9:24  SCV  
  55  9:29  SCV x2  
  59  9:31  Orbital Command  
  59  9:34  Marine x2  
  59  9:35  Marine  
  59  9:36  SCV  
  59  9:37  Stimpack  
  62  9:43  SCV x2  
  62  9:44  Marine x2  
  66  9:48  SCV  
  66  9:50  Starport Reactor  
  66  9:52  Marine x2  
  70  9:53  Marauder  
  70  9:54  Orbital Command  
  70  9:55  Siege Tank  
  70  9:56  SCV x2  
  76  10:01  SCV, Marine  
  76  10:02  Marine  
  76  10:03  SCV  
  80  10:08  SCV  
  80  10:10  Marine x2  
  80  10:13  Marine  
  84  10:19  Marine x2  
  86  10:27  Siege Tank  
  86  10:28  Marine  
  75  10:29  Marauder  
  75  10:31  Marine  
  64  10:37  Marine x2  
  65  10:44  Medivac  
  65  10:45  Marine, Medivac  
  65  10:49  Marine x2  
  69  10:55  Marine x2  
  71  10:59  Siege Tank  
  71  11:03  Marine  
  73  11:07  Marine x2  
  71  11:13  Marine x2  
  71  11:14  Medivac  
  71  11:15  Medivac  
  75  11:21  Marine  
  75  11:25  Marine x2  
  76  11:29  SCV x3  
  76  11:31  Siege Tank, Marine x2  
  84  11:36  Engineering Bay  
  84  11:37  Engineering Bay  
  84  11:39  Factory  
  84  11:47  Refinery  
  84  11:49  Refinery  
  84  11:52  SCV x4, Marine x4  
  92  11:55  Command Center  
  92  11:56  Supply Depot x2  
  92  11:57  Supply Depot  
  92  12:03  Marine  
  92  12:04  SCV x2  
  92  12:05  Medivac x2  
  92  12:07  Siege Tank  
  89  12:09  Marine x3  
  80  12:16  Marine  
  80  12:21  Marine  
  82  12:27  Marine x3  
  81  12:34  Marine  
  78  12:39  Marine  
  77  12:45  Marine x3  
  71  12:52  Marine  
  71  12:57  Marine  
  70  13:03  Marine x3  
  69  13:09  Marine  
  57  13:14  Marine  
  52  13:21  Marine x3  
Tags
 
Add a new tag
Caveats
  • Supply blocks, unpowered buildings, or Contaminate may cause inaccurate times.
  • Supply counts are checked every 10 seconds.